 Dungeon Crawl Stone Soup version 0.31-a0-977-gc230f8ef24 (webtiles) character file.

Game seed: 12324788768463610608

660 mattiecakes the Skirmisher (level 7, -2/44 HPs)
             Began as a Kobold Hunter on Oct 29, 2023.
             Slain by an ogre
             ... wielding a +0 giant club
              (13 damage)
             ... on level 5 of the Dungeon.
             The game lasted 00:13:21 (4148 turns).

mattiecakes the Skirmisher (Kobold Hunter)          Turns: 4148, Time: 00:13:22

Health: -2/44      AC:  3    Str:  9    XL:     7   Next: 86%
Magic:  7/7        EV: 14    Int: 10    God:
Gold:   174        SH:  0    Dex: 20    Spells: 6/6 levels left

rFire   + . .        a - +0 shortbow
rCold   . . .        (shield currently unavailable)
rNeg    . . .        c - +0 leather armour
rPois   .            (helmet restricted)
rElec   .            (no cloak)
rCorr   .            (no gloves)
SInv    .            (no boots)
Will    .....        p - amulet of the acrobat
Stlth   +++          h - ring of protection from fire
HPRegen 0.27/turn    (no ring)
MPRegen 0.10/turn

%: random rage (3%), acrobat
@: no status effects
A: small, no large weapons, nightstalker 3, horns 1, berserk 1
a: no special abilities


You were on level 5 of the Dungeon.
You visited 1 branch of the dungeon, and saw 6 of its levels.
You also visited: Sewer.

You collected 174 gold pieces.

Inventory:

Hand Weapons
 a - a +0 shortbow (weapon)
Armour
 c - a +0 leather armour (worn)
Jewellery
 h - a ring of protection from fire (left hand)
 p - an amulet of the acrobat (around neck)
Scrolls
 b - a scroll of fog {unknown}
 d - 2 scrolls of identify
 e - 3 scrolls of immolation
 f - a scroll of poison
 g - 4 scrolls of teleportation
 j - 2 scrolls of noise
 l - 2 scrolls of torment
 m - 4 scrolls of amnesia
Potions
 i - a potion of curing
 o - 5 potions of brilliance


   Skills:
 + Level 5.0 Fighting
 - Level 10.3 Ranged Weapons
 - Level 2.4 Dodging
 - Level 1.3 Stealth


You had 6 spell levels left.
You didn't know any spells.
Your spell library contained the following spells:

 Spells                   Type           Power      Damage    Failure   Level
 Necrotise                Necr           0%         1d4       47%         1
 Gell's Gravitas          Tloc           0%         N/A       85%         3
 Teleport Other           Tloc           0%         N/A       85%         3
 Vampiric Draining        Necr           0%         2d6       85%         3
 Agony                    Necr           0%         N/A       100%        5
 Dispersal                Tloc           0%         N/A       100%        6


Dungeon Overview and Level Annotations

Branches:
Dungeon (6/15)              Sewer (visited)
 Temple: D:4-7

Altars:
Qazlal

Annotations:
D:4 Edmund
D:5 Prince Ribbit


Innate Abilities, Weirdness & Mutations

You are small and have problems with some larger weapons.
You are completely attuned to the shadows.
You have a pair of small horns on your head.
You sometimes lose your temper in combat.


Message History

The ogre hits you with a +0 giant club!!
Ouch! That really hurt!
You are too injured to fight recklessly!
You are too injured to fight recklessly!
You are too injured to fight recklessly!
You are too injured to fight recklessly!
Fire: a) +0 shortbow
Press: ? - help, Q - select action Shift-Dir - straight line, f/p - ogre
Aim: an ogre, wielding a +0 giant club (moderately wounded, 80% to hit)
You shoot an arrow. The arrow hits the ogre.
The ogre is moderately wounded.
The ogre hits you with a +0 giant club!
* * * LOW HITPOINT WARNING * * *
Unknown command.
Fire: a) +0 shortbow
Press: ? - help, Q - select action Shift-Dir - straight line, f/p - ogre
Aim: an ogre, wielding a +0 giant club (moderately wounded, 80% to hit)
You shoot an arrow. The arrow hits the ogre.
The ogre is heavily wounded.
Fire: a) +0 shortbow
Press: ? - help, Q - select action Shift-Dir - straight line, f/p - ogre
Aim: an ogre, wielding a +0 giant club (heavily wounded, 80% to hit)
You shoot an arrow. The arrow hits the ogre.
The ogre is severely wounded.
The ogre barely misses you.
Unknown command.
Okay, then.
Unknown command.
Fire: a) +0 shortbow
Press: ? - help, Q - select action Shift-Dir - straight line, f/p - ogre
Aim: an ogre, wielding a +0 giant club (severely wounded, 80% to hit)
You shoot an arrow. The arrow barely misses the ogre.
Unknown command.
Unknown command.
Fire: a) +0 shortbow
Press: ? - help, Q - select action Shift-Dir - straight line, f/p - ogre
Aim: an ogre, wielding a +0 giant club (severely wounded, 80% to hit)
You shoot an arrow. The arrow barely misses the ogre.
The ogre hits you with a +0 giant club!
You die...

...........## ##......^..........
......#....####..................
#.#...####...#............#......
####..# #...............##......
......#####...#...........#......
......##.....##..................
#......#.....##..................
......##..#####...######.........
......#..###.#..@.#####..........
..#....†.###....O.....##.........
.##...####.#.##........##.......#
.#......................#.......#
...........#.#..........##......#
.##..#....####.###..##...........
.##........###.###.......###.....
.#.........##...##......## ##....
.#.......................####...#


You could see an ogre.

Vanquished Creatures
  Menkaure (D:5)
  2 ogres (D:5)
  2 hounds
  An orc priest (D:3)
  Jessica (D:3)
  An iguana (D:3)
  An orc wizard (D:3)
  A river rat (Sewer)
  9 adders
  9 dart slugs
  3 orcs
  7 bats
  5 endoplasms
  3 giant cockroaches (D:1)
  10 goblins
  6 hobgoblins
  6 jackals (D:3)
  7 kobolds
  4 quokkas
  10 ball pythons
  5 frilled lizards
  7 rats
101 creatures vanquished.

Notes
Turn   | Place    | Note
-------+----------+-------------------------------------------
     0 | D:1      | mattiecakes the Kobold Hunter began the quest for the Orb.
     0 | D:1      | Reached XP level 1. HP: 12/12 MP: 1/1
   129 | D:1      | Reached XP level 2. HP: 17/17 MP: 2/2
   159 | D:1      | Reached skill level 6 in Ranged Weapons
   318 | D:1      | Reached XP level 3. HP: 17/21 MP: 3/3
   875 | D:2      | You fall into a shaft and drop 2 floors!
   897 | D:4      | Reached skill level 7 in Ranged Weapons
   897 | D:4      | Reached XP level 4. HP: 15/26 MP: 4/4
  1091 | D:3      | Noticed Jessica
  1096 | D:3      | Reached XP level 5. HP: 28/30 MP: 5/5
  1099 | D:3      | Reached skill level 8 in Ranged Weapons
  2255 | D:3      | Killed Jessica
  2309 | D:3      | Reached skill level 9 in Ranged Weapons
  2309 | D:3      | Reached XP level 6. HP: 34/35 MP: 6/6
  2529 | D:4      | Noticed Edmund
  2558 | D:5      | Entered Level 5 of the Dungeon
  2558 | D:5      | Noticed Menkaure
  2569 | D:5      | Killed Menkaure
  2570 | D:5      | Reached skill level 10 in Ranged Weapons
  2777 | D:5      | Reached XP level 7. HP: 40/40 MP: 7/7
  2858 | D:5      | Noticed Prince Ribbit
  2953 | D:5      | Found a glowing drain.
  2963 | Sewer    | Entered a sewer
  3102 | Sewer    | Gained mutation: You have a pair of small horns on your
                  | head. [potion of mutation]
  3102 | Sewer    | Gained mutation: You sometimes lose your temper in combat.
                  | [potion of mutation]
  3837 | D:5      | Found a stormy altar of Qazlal.
  3951 | D:5      | Reached skill level 5 in Fighting
  4148 | D:5      | Slain by an ogre

Illustrated notes

Levels and vault maps discovered:
D:1:      matt_arrival_refuge, layout_rooms, minmay_box_of_dots
D:2:      layout_basic, dreamdust_ecumenical_altar_sealed_demon, hex_medium,
          st_stairs_11
D:3:      layout_loops_corners, kennysheep_jessica_study
D:4:      kennysheep_slugbush, layout_cave_pools, makhleb_blood_cavern_becter,
          mainiacjoe_overflow_surrounded_room, cheibriados_altar_1, hex_tiny,
          chequers_hall_statues_y, uniq_edmund
D:5:      layout_cave_pools, mainiacjoe_overflow_concentric_impassable,
          portal_sewer_entry_d, minmay_ogre_servants, uniq_menkaure,
          uniq_prince_ribbit1
D:6:      layout_loops_ring, nicolae_overflow_hidden_temple

Skill      XL: |  1  2  3  4  5  6  7 |
---------------+----------------------+-----
Ranged Weapons | 6 7 9 10 | 10.3
Fighting       | 5 |  5.0
Dodging        | |  2.4
Stealth        | |  1.3

Action                     |  1- 3 |  4- 6 |  7- 9 || total
---------------------------+-------+-------+-------++-------
  Melee: Shortbow          |       |       |     2 ||     2
   Fire: Shortbow          |    93 |   119 |   123 ||   335
    Use: Scroll            |       |     1 |     9 ||    10
         Potion            |       |       |     7 ||     7
 Armour: Leather armour    |    21 |    31 |    30 ||    82
  Dodge: Dodged            |    42 |    57 |    42 ||   141

Table legend: (Time is in decaauts)
 A = Elapsed time spent in this place.
 B = Non-inter-level travel time spent in this place.
 C = Inter-level travel time spent in this place.
 D = Time resting spent in this place.
 E = Time spent auto-exploring this place.
 F = Levels seen in this place.
 G = Mean time per level.
                   A        B        C        D        E       F      G
               +--------+--------+--------+--------+--------+-----+--------+
         Total |   4240 |   4173 |     67 |    712 |   2635 |   7 |  605.7 |
       Dungeon |   3727 |   3660 |     67 |    625 |   2360 |   6 |  621.2 |
         Sewer |    513 |    513 |      0 |     87 |    275 |   1 |  513.0 |
               +--------+--------+--------+--------+--------+-----+--------+

Top non-repeatable levels by time:
     D:5: 1144 daAuts
     D:3: 1121 daAuts
     D:1: 684 daAuts
     D:4: 570 daAuts
   Sewer: 513 daAuts
     D:2: 201 daAuts
     D:6: 5 daAuts
